 Dungeon Crawl Stone Soup version 0.25-a0-549-g6e6e6501ad (webtiles) character file.

Game seed: 4264490526654204416, levelgen mode: deterministic

29631 Eurus the Thaumaturge (level 13, -10/103 HPs)
             Began as a Mummy Conjurer on Feb 23, 2020.
             Was a Priest of Ashenzari.
             Mangled by a cyan ugly thing (12 damage)
             ... on level 13 of the Dungeon.
             The game lasted 01:02:38 (25377 turns).

Eurus the Thaumaturge (Mummy Conjurer)             Turns: 25377, Time: 01:02:39

Health: -10/103    AC: 11    Str: 15    XL:     13   Next: 16%
Magic:  24/29      EV: 11    Int: 19    God:    Ashenzari [***...]
Gold:   1087       SH:  5    Dex: 12    Spells: 29/36 levels left

rFire    x . .     SeeInvis +   o - +8 spear (flame) (curse)
rCold    + . .     Gourm    .   d - +0 buckler
rNeg     + + +     Faith    .   c - +0 troll leather armour
rPois    ∞         Spirit   .   e - +0 helmet
rElec    .         Reflect  .   y - +0 cloak (curse)
rCorr    +         Harm     .   j - +2 pair of gloves (curse)
MR       +....                  (no boots)
Stlth    +.........             (no amulet)
HPRegen  0.67/turn              p - +3 ring of strength
MPRegen  0.21/turn              x - ring of resist corrosion

@: no status effects
A: no food or potions, fire vulnerability, cold resistance 1, negative energy
resistance 3, torment resistance, unbreathing, in touch with death 1
a: Curse Item, Scrying, Renounce Religion


You were on level 13 of the Dungeon.
You worshipped Ashenzari.
Ashenzari was most pleased with you.
You were not hungry.

You visited 4 branches of the dungeon, and saw 17 of its levels.

You collected 1087 gold pieces.

Inventory:

Hand Weapons
 o - a cursed +8 spear of flaming (weapon)
Armour
 c - a +0 troll leather armour (worn)
 d - a +0 buckler (worn)
 e - a +0 helmet (worn)
 j - a cursed +2 pair of gloves (worn)
 y - a cursed +0 cloak (worn)
Jewellery
 p - a +3 ring of strength (left hand)
 v - an uncursed ring of ice
 x - a ring of resist corrosion (right hand)
 A - an uncursed ring of protection from fire
Wands
 f - a wand of polymorph (6)
 i - a wand of disintegration (18)
 n - a wand of enslavement (29)
 r - a wand of acid (7)
 s - a wand of random effects (11)
 t - a wand of iceblast (4)
Scrolls
 a - a scroll of enchant armour
 b - 2 scrolls of identify
 g - 2 scrolls of teleportation
 h - 4 scrolls of remove curse
 k - a scroll of fog
 l - a scroll of magic mapping
 m - 5 scrolls of amnesia
 q - 2 scrolls of torment
 u - a scroll of silence
 w - a scroll of enchant weapon
 z - 5 scrolls of fear


   Skills:
 + Level 9.9 Fighting
 + Level 7.0 Armour
 - Level 1.5 Dodging
 - Level 1.5 Stealth
 - Level 5.0 Shields
 + Level 12.3 Spellcasting
 + Level 9.4 Conjurations
 + Level 8.2 Translocations


You had 29 spell levels left.
You knew the following spells:

 Your Spells              Type           Power        Failure   Level  Hunger
a - Magic Dart            Conj           ####         1%          1    N/A
b - Searing Ray           Conj           #####.       1%          2    N/A
c - Iskenderun's Mystic   Conj/Tloc      #####...     1%          4    N/A

Your spell library contained the following spells:

 Spells                   Type           Power        Failure   Level  Hunger
 Apportation              Tloc           #####.       1%          1    N/A
 Foxfire                  Conj/Fire      ####         1%          1    N/A
 Conjure Flame            Conj/Fire      ####....     3%          3    N/A
 Dazzling Flash           Conj/Hex       ####..       3%          3    N/A
 Animate Skeleton         Necr           N/A          7%          1    N/A
 Corona                   Hex            ##.....      7%          1    N/A
 Summon Small Mammal      Summ           ##..         7%          1    N/A
 Fulminant Prism          Conj/Hex       ####......   10%         4    N/A
 Sticky Flame             Conj/Fire      ####....     10%         4    N/A
 Ensorcelled Hibernation  Hex/Ice        ##....       11%         2    N/A
 Confusing Touch          Hex            ##......     22%         3    N/A
 Inner Flame              Hex/Fire       ##......     22%         3    N/A
 Tukima's Dance           Hex            ##......     22%         3    N/A
 Fireball                 Conj/Fire      ####......   28%         5    N/A

Dungeon Overview and Level Annotations

Branches:
Dungeon (14/15)            Temple (1/1) D:5            Lair (1/6) D:10
    Orc (1/2) D:9          Vaults (0/5) D:13

Altars:
Ashenzari
Cheibriados
Dithmenos
Elyvilon
Fedhas
Gozag
Hepliaklqana
Kikubaaqudgha
Makhleb
Nemelex Xobeh
Okawaru
Qazlal
Ru
Sif Muna
Trog
Uskayaw
Vehumet
Wu Jian
Xom
Yredelemnul
Zin
The Shining One

Shops:
D:10 *

Annotations:
D:11 exclusion: sensed monster (detected), Urug
D:12 Nessos


Innate Abilities, Weirdness & Mutations

You do not eat or drink.
Your flesh is vulnerable to fire.
You are immune to poison.
Your flesh is cold resistant. (rC+)
You are immune to negative energy. (rN+++)
You are immune to unholy pain and torment.
You can survive without breathing.
You are in touch with the powers of death.


Message History

The searing ray hits the cyan ugly thing!
The cyan ugly thing is moderately wounded. (Press . to maintain the ray.)
The searing ray hits the cyan ugly thing.
The cyan ugly thing is moderately wounded.
The cyan ugly thing tail-slaps you. The cyan ugly thing shocks you!
* * * LOW HITPOINT WARNING * * *
The searing ray hits the cyan ugly thing!
The cyan ugly thing is heavily wounded.
The cyan ugly thing tail-slaps you.
* * * LOW HITPOINT WARNING * * *
The cyan ugly thing shocks you!
* * * LOW HITPOINT WARNING * * *
Okay, then.
The searing ray hits the cyan ugly thing!
The cyan ugly thing is heavily wounded.
You finish channeling your searing ray.
The cyan ugly thing tail-slaps you.
* * * LOW HITPOINT WARNING * * *
The cyan ugly thing shocks you!
You die...

..>.......####.....(.# #.##
..........# ######'## #.##
#####.##### #..(# #.## ##..#
#####'##### #.## #..##
####.........# ##'##
###'######..'.........# #....
#........#.##.........# ####....
#........#.##.........####..'....
#........#.##...@>....##...##....
#........'.##...u.....'..####....
#........####.........#### ###+#
#........# #####'##### #.#
##'####### #..# #.# #.....# ##.#
#.# #####'## #.# #.# #.....# #.#
#.# #...<.##########.## #.#


You could see a cyan ugly thing.

Vanquished Creatures
  Kirke (D:12)
  3 hydras
  A centaur warrior (D:14)
  2 dancing weapons (D:13)
  3 two-headed ogres
  An unseen horror (D:10)
  An orc knight (D:13)
  A necromancer (D:14)
  A wizard (D:14)
  A wolf spider zombie (D:13)
  2 cyclopes (D:13)
  2 ugly things (D:13)
  A gargoyle (D:13)
  A kobold demonologist (D:13)
  A komodo dragon (shapeshifter) (D:13)
  5 trolls
  A hornet (D:7)
  3 hippogriffs
  2 wyverns
  2 water elementals (D:12)
  5 hogs (D:12)
  A spriggan (D:9)
  24 yaks
  2 vampires
  2 wraiths (D:9)
  A basilisk (Lair:1)
  2 hungry ghosts
  A vampire mosquito (D:14)
  Menkaure (D:7)
  2 wargs (D:9)
  An acid dragon (D:13)
  Duvessa (D:5)
  A water moccasin (D:12)
  2 soldier ants (D:13)
  4 ice beasts
  14 orc warriors
  2 porcupines (Lair:1)
  3 sky beasts
  4 phantoms
  A black bear (D:9)
  A necrophage (D:6)
  5 ogres
  4 boggarts
  7 centaurs
  2 crocodiles (D:12)
  7 bullfrogs
  A big kobold (D:12)
  Dowan (D:5)
  4 scorpions
  A troll zombie (D:9)
  A wyvern skeleton (D:13)
  8 killer bees
  5 wights
  2 electric eels (D:12)
  A howler monkey (D:6)
  3 crimson imps
  A quasit (D:12)
  4 bullfrog zombies
  11 hounds
  4 jellies
  A bullfrog skeleton (D:4)
  5 orc priests
  A gnoll shaman (D:8)
  23 orc wizards
  4 centaur skeletons
  4 iguanas
  6 worker ants
  A killer bee zombie (D:9)
  5 ogre zombies (D:9)
  A hound zombie (D:7)
  A hound skeleton (D:11)
  12 adders
  11 gnolls
  A howler monkey skeleton (D:3)
  2 shadow imps
  2 oozes
  An adder zombie (D:6)
  2 worms
  4 dart slugs
  5 leopard geckos
  92 orcs
  3 giant cockroaches
  9 hobgoblins
  8 jackals
  14 kobolds
  4 quokkas
  2 ball pythons
  9 bats
  4 frilled lizards
  10 goblins
  4 goblin skeletons (D:9)
  4 goblin zombies (D:9)
  3 hobgoblin zombies (D:9)
  A kobold skeleton (D:9)
  A kobold zombie (D:9)
  A leopard gecko skeleton (D:6)
  A leopard gecko zombie (D:7)
  4 orc skeletons (D:9)
  12 orc zombies (D:9)
  5 rats
465 creatures vanquished.

Vanquished Creatures (others)
  11 plants (D:12)
11 creatures vanquished.

Grand Total: 476 creatures vanquished

Notes
Turn   | Place    | Note
-------+----------+-------------------------------------------
     0 | D:1      | Eurus the Mummy Conjurer began the quest for the Orb.
     0 | D:1      | Reached XP level 1. HP: 13/13 MP: 4/4
   322 | D:1      | Reached XP level 2. HP: 20/20 MP: 1/5
   326 | D:1      | Learned a level 2 spell: Searing Ray
   405 | D:1      | Reached skill level 3 in Spellcasting
   413 | D:1      | HP: 1/20 [kobold/+0 short sword (1)]
   943 | D:1      | Reached skill level 1 in Fighting
  1014 | D:1      | Reached XP level 3. HP: 20/26 MP: 7/7
  1805 | D:2      | Reached skill level 1 in Shields
  1968 | D:2      | Reached XP level 4. HP: 32/32 MP: 3/9
  2398 | D:2      | Found a hide-covered altar of Uskayaw.
  2719 | D:2      | Found a snail-covered altar of Cheibriados.
  2862 | D:2      | Reached XP level 5. HP: 37/37 MP: 6/10
  3023 | D:3      | Reached skill level 4 in Spellcasting
  3674 | D:3      | Found a faded altar of an unknown god.
  3688 | D:3      | Reached XP level 6. HP: 43/43 MP: 7/12
  3694 | D:3      | Learned a level 4 spell: Iskenderun's Mystic Blast
  3974 | D:3      | Found an opulent altar of Gozag.
  3976 | D:3      | Found a basalt altar of Yredelemnul.
  4051 | D:3      | Found a shimmering altar of Xom.
  4965 | D:4      | Reached skill level 1 in Translocations
  5490 | D:5      | Entered Level 5 of the Dungeon
  5494 | D:5      | Reached XP level 7. HP: 50/50 MP: 9/14
  5638 | D:5      | Reached skill level 5 in Spellcasting
  5871 | D:5      | Found a shimmering blue altar of Sif Muna.
  5911 | D:5      | Found a staircase to the Ecumenical Temple.
  5925 | Temple   | Entered the Ecumenical Temple
  5987 | Temple   | Became a worshipper of Ashenzari the Shackled
  6467 | D:5      | Noticed Duvessa
  7022 | D:6      | Reached skill level 5 in Conjurations
  7246 | D:6      | Reached XP level 8. HP: 58/58 MP: 13/16
  7328 | D:6      | Found a sacrificial altar of Ru.
  7421 | D:6      | Reached skill level 6 in Spellcasting
  7886 | D:6      | Reached * piety under Ashenzari
  8784 | D:7      | Noticed a hippogriff
  8808 | D:7      | Noticed Menkaure
  9045 | D:7      | Killed Menkaure
  9045 | D:7      | Reached skill level 7 in Spellcasting
  9045 | D:7      | Reached XP level 9. HP: 66/66 MP: 14/19
  9365 | D:7      | Found a hazy altar of Hepliaklqana.
  9617 | D:8      | Found a glowing silver altar of Zin.
  9690 | D:7      | Reached skill level 5 in Shields
  9826 | D:8      | Found a stormy altar of Qazlal.
  9845 | D:8      | Noticed a two-headed ogre
 10204 | D:8      | Reached skill level 5 in Fighting
 10764 | D:8      | Reached skill level 1 in Armour
 10993 | D:8      | Found a blossoming altar of Fedhas.
 11031 | D:9      | Found a shadowy altar of Dithmenos.
 11141 | D:9      | Noticed a troll
 11159 | D:9      | Killed a troll
 11299 | D:9      | Found a staircase to the Orcish Mines.
 11354 | D:9      | Reached skill level 8 in Spellcasting
 11775 | D:9      | Noticed a two-headed ogre
 11966 | D:9      | Found a glowing golden altar of the Shining One.
 12168 | D:9      | Reached XP level 10. HP: 67/76 MP: 17/22
 13358 | D:10     | Entered Level 10 of the Dungeon
 13428 | D:9      | Reached skill level 5 in Translocations
 13658 | D:10     | Killed an unseen horror
 13909 | D:10     | Found a shattered altar of Ashenzari.
 14183 | D:10     | Reached skill level 9 in Spellcasting
 14764 | D:10     | Found a basalt altar of Yredelemnul.
 15268 | D:10     | Reached XP level 11. HP: 76/84 MP: 16/24
 15313 | D:10     | Found Umpi's General Store.
 15394 | D:10     | Found a staircase to the Lair.
 15976 | Lair:1   | Entered Level 1 of the Lair of Beasts
 16139 | Lair:1   | Reached ** piety under Ashenzari
 16158 | Lair:1   | Noticed a catoblepas
 16300 | D:5      | Noticed Dowan
 16322 | D:5      | Killed Duvessa
 16324 | D:5      | Killed Dowan
 16620 | Orc:1    | Entered Level 1 of the Orcish Mines
 16869 | D:9      | Reached skill level 10 in Spellcasting
 17011 | D:11     | Noticed a six-headed hydra
 17607 | D:11     | Found a burning altar of Makhleb.
 18122 | D:11     | Noticed Urug
 18214 | D:11     | Noticed a two-headed ogre
 18235 | D:11     | Killed a two-headed ogre
 19240 | Orc:1    | Reached skill level 5 in Armour
 19271 | Orc:1    | Noticed an orc warlord
 19295 | D:9      | Killed a two-headed ogre
 19931 | D:12     | Noticed Kirke
 19954 | D:12     | Noticed a sphinx
 19954 | D:12     | Killed Kirke
 20119 | D:12     | Reached XP level 12. HP: 94/94 MP: 15/26
 20200 | D:12     | Noticed a five-headed hydra
 20201 | D:12     | Noticed a seven-headed hydra
 20415 | D:11     | Killed a six-headed hydra
 20415 | D:11     | Reached skill level 11 in Spellcasting
 20654 | D:12     | Reached *** piety under Ashenzari
 20962 | D:12     | Killed a seven-headed hydra
 21154 | D:12     | Noticed a two-headed ogre
 21181 | D:12     | Killed a two-headed ogre
 21382 | D:12     | Killed a five-headed hydra
 21664 | D:12     | Noticed Nessos
 22688 | D:13     | Found a glowing golden altar of the Shining One.
 23345 | D:13     | Found a gate to the Vaults.
 24244 | D:14     | Noticed an eight-headed hydra
 24276 | D:14     | Reached skill level 12 in Spellcasting
 24810 | D:14     | Gained mutation: You are in touch with the powers of death.
                  | [Mummy growth]
 24810 | D:14     | Reached XP level 13. HP: 97/102 MP: 22/29
 25377 | D:13     | HP: 2/103 [cyan ugly thing (4)]
 25377 | D:13     | Mangled by a cyan ugly thing

Levels and vault maps discovered:
D:1:      wheals_arrival_linesprint, layout_rooms, serial_bayou_pond_e
D:2:      layout_rooms, kennysheep_slug_shrine, eat_drink_and_be_merry_uskayaw,
          first_ration, st_stairs_13
D:3:      layout_loops_corners, nicolae_overflow_hidden_temple,
          chequers_ecumenical_altar_simple_redux
D:4:      layout_loops_ring
D:5:      layout_loops_cross, led_sif_pool, minmay_temple_entry_mini_moons,
          uniq_duvessa
D:6:      layout_basic, lemuel_coloured_pillars_altar
D:7:      layout_basic, lemuel_doored_altar, uniq_menkaure
D:8:      layout_cave_pods, kennysheep_mini, kennysheep_little_box,
          lemuel_crystal_altar
D:9:      layout_basic, nicolae_tso_besieged_by_evil, zombieorc1_lemuel,
          the_bakery, nicolae_dithmenos_the_darkroom
D:10:     layout_roguey [special_room_orc], lair_entry_dummy, serial_shops,
          nicolae_shop_statue_plus, basic_altar, ashenzari_altar_1
D:11:     layout_stronghold, basic_altar, uniq_urug
D:12:     layout_stronghold, serial_bayou, serial_bayou_pond_d,
          serial_bayou_pond_d, serial_bayou_pond_b, serial_bayou_lagoon_a,
          serial_bayou_pond_c, serial_bayou_lake_a, gauntlet_entry_generic,
          uniq_kirke, uniq_nessos
D:13:     layout_roguey, erik_vaults_1, basic_altar, solitary_fountain,
          minmay_puff
D:14:     layout_basic, chequers_mini_garden, portal_ice_cave_demonic_guard,
          minivault_28
Temple:   cyrus_temple_forest
Lair:1:   layout_roguey, st_stairs_5, infiniplex_staircase_pool,
          grunt_megastairs_5
Orc:1:    layout_caves, basic_altar, serial_shops, nicolae_shop_stone

Skill      XL: |  1  2  3  4  5  6  7  8  9 10 11 12 13 |
---------------+----------------------------------------+-----
Spellcasting   | 3 4 5 7 8 9 10 12 | 12.3
Fighting       | 1 2 3 4 5 7 8 9 |  9.9
Shields        | 1 2 3 4 5 |  5.0
Conjurations   | 4 5 6 7 8 9 |  9.4
Translocations | 1 2 3 4 5 7 8 |  8.2
Armour         | 2 4 5 6 7 |  7.0
Dodging        | |  1.5
Stealth        | |  1.5

Action                   |  1- 3 |  4- 6 |  7- 9 | 10-12 | 13-15 || total
-------------------------+-------+-------+-------+-------+-------++-------
Melee: Club              |    30 |       |       |       |       ||    30
       Dagger            |    45 |    97 |    61 |       |       ||   203
       Spear             |       |       |    71 |   120 |     4 ||   195
       Flail             |       |       |       |     9 |       ||     9
 Cast: Magic Dart        |    67 |    67 |    74 |   133 |    11 ||   352
       Searing Ray       |     3 |    18 |    88 |   205 |    17 ||   331
       Iskenderun's Myst |       |       |       |    26 |       ||    26
Invok: Curse Item        |       |       |     1 |     1 |       ||     2
  Use: Scroll            |       |       |     1 |    17 |     2 ||    20
 Stab: Sleeping          |     1 |     2 |     3 |     2 |       ||     8
Armor: Robe              |    19 |    27 |    44 |    23 |       ||   113
       Troll leather arm |       |       |       |    97 |     8 ||   105
Dodge: Dodged            |    65 |    63 |    92 |   203 |    22 ||   445
Block: Buckler           |       |     8 |    47 |    85 |     5 ||   145

Table legend:
 A = Non-vault XP
 B = Vault XP
 C = Vault XP percentage of total XP
 D = Non-vault monster count
 E = Vault monster count
 F = Vault count percentage of total count
                 A         B        C        D         E       F
            +---------+---------+-------+---------+---------+-------
      Total |   32318 |   10013 |  23.7 |     376 |      89 |  19.1
            +---------+---------+-------+---------+---------+-------
        D:1 |      54 |       0 |   0.0 |      27 |       0 |   0.0
        D:2 |     152 |      18 |  10.6 |      30 |       2 |   6.2
        D:3 |     194 |       0 |   0.0 |      28 |       0 |   0.0
        D:4 |     290 |       0 |   0.0 |      10 |       0 |   0.0
        D:5 |     440 |     229 |  34.2 |      11 |       2 |  15.4
        D:6 |     937 |       0 |   0.0 |      19 |       0 |   0.0
        D:7 |    1444 |     175 |  10.8 |      24 |       1 |   4.0
        D:8 |     705 |       0 |   0.0 |      19 |       0 |   0.0
        D:9 |    3261 |    1078 |  24.8 |      32 |      40 |  55.6
       D:10 |    4993 |     245 |   4.7 |      43 |      25 |  36.8
       D:11 |    4047 |       0 |   0.0 |      32 |       0 |   0.0
       D:12 |    5576 |    3387 |  37.8 |      45 |       9 |  16.7
       D:13 |    4356 |    3271 |  42.9 |      17 |       6 |  26.1
       D:14 |    5162 |    1414 |  21.5 |      28 |       3 |   9.7
     Lair:1 |     280 |     196 |  41.2 |       2 |       1 |  33.3
      Orc:1 |     427 |       0 |   0.0 |       9 |       0 |   0.0
            +---------+---------+-------+---------+---------+-------
